 Dungeon Crawl Stone Soup version 0.29.0-4-gdea44cf6ec (webtiles) character file.

Game seed: 16470906147215552959

70 qw the Ruffian (level 4, 0/35 HPs)
             Began as a Ghoul Fire Elementalist on Aug 29, 2022.
             Killed from afar by Ijyb (6 damage)
             ... with a bolt of light
             ... on level 3 of the Dungeon.
             The game lasted 00:01:47 (3460 turns).

qw the Ruffian (Ghoul Fire Elementalist)            Turns: 3460, Time: 00:01:47

Health: 0/35       AC:  7    Str: 13    XL:     4   Next: 22%
Magic:  5/5        EV:  9    Int: 10    God:
Gold:   179        SH:  5    Dex:  9    Spells: 5/6 levels left

rFire   . . .      SeeInvis .     - Unarmed
rCold   + . .      Faith    .   (no shield)
rNeg    + + +      Spirit   .   i - +0 scale mail
rPois   inf        Reflect  +   (no helmet)
rElec   .          Harm     .   (no cloak)
rCorr   .          Rampage  .   d - +0 pair of gloves
Will    +....                   (no boots)
Stlth   ..........              b - amulet of reflection
HPRegen 0.00/turn               m - ring of willpower
MPRegen 0.09/turn               (no ring)

@: inhibited regen
A: claws 1, cold resistance 1, negative energy resistance 3, inhibited
regeneration, torment resistance 2, devour on kill
a: no special abilities


You were on level 3 of the Dungeon.
You visited 1 branch of the dungeon, and saw 3 of its levels.

You collected 179 gold pieces.


Innate Abilities, Weirdness & Mutations

You are immune to poison.
You have sharp fingernails.
Your flesh is cold resistant. (rC+)
You are immune to negative energy. (rN+++)
You do not regenerate when monsters are visible.
You are immune to unholy pain and torment.
You thrive by killing the living.


   Skills:
 - Level 1.1 Fighting
 - Level 1.7 Dodging
 - Level 2.1 Stealth
 + Level 3.8 Unarmed Combat
 - Level 1.7 Spellcasting
 - Level 0.7 Conjurations
 - Level 2.4 Fire Magic


You had 5 spell levels left.
You knew the following spells:

 Your Spells              Type           Power      Damage    Failure   Level
a - Foxfire               Conj/Fire      16%        2x1d4     63%         1

Your spell library contained the following spells:

 Spells                   Type           Power      Damage    Failure   Level
 Scorch                   Fire           10%        2d5       65%         2
 Conjure Flame            Conj/Fire      4%         6-21      94%         3
 Inner Flame              Hex/Fire       3%         N/A       96%         3
 Flame Wave               Conj/Fire      4%         2d5       100%        4

Inventory:

Missiles
 h - a boomerang (quivered)
Armour
 d - a +0 pair of gloves (worn)
 i - a +0 scale mail (worn)
Jewellery
 b - an amulet of reflection (around neck)
 m - a ring of willpower (left hand)
Scrolls
 k - a scroll of enchant weapon {unknown}
Potions
 a - a potion of curing
 c - a potion of degeneration {unknown}
 e - a potion of cancellation {unknown}
 f - a potion of experience {unknown}
 g - a potion of haste {unknown}
 j - a potion of resistance {unknown}

Dungeon Overview and Level Annotations

Branches:
Dungeon (3/15)

Altars:

Shops:
D:2 :

Annotations:
D:3 Ijyb


Message History

You hit Ijyb but do no damage. Ijyb hits you but does no damage.
You hit Ijyb.
Ijyb is lightly wounded.
You block Ijyb's attack.
You hit Ijyb but do no damage.
Ijyb is lightly wounded.
Ijyb hits you but does no damage.
You hit Ijyb.
Ijyb is moderately wounded.
Ijyb hits you but does no damage.
You hit Ijyb but do no damage.
Ijyb is moderately wounded.
Ijyb hits you but does no damage.
You miss Ijyb.
Ijyb is moderately wounded.
Ijyb zaps a wand.
The bolt of light hits you!!
Ouch! That really hurt!
You closely miss Ijyb.
Ijyb is moderately wounded.
Ijyb closely misses you.
You hit Ijyb but do no damage.
Ijyb is moderately wounded.
Ijyb hits you but does no damage.
You barely miss Ijyb.
Ijyb is moderately wounded.
Ijyb zaps a wand.
The bolt of light misses you.
You barely miss Ijyb.
Ijyb is moderately wounded.
Ijyb hits you with a +0 club.
You closely miss Ijyb.
Ijyb is moderately wounded.
Ijyb screams, "Get away!"
Ijyb hits you but does no damage.
You hit Ijyb.
Ijyb is moderately wounded.
You hit Ijyb but do no damage.
Ijyb is moderately wounded.
Ijyb zaps a wand.
The bolt of light hits you.
You die...

###
##.#####
#.....$#
##.###@#
###.# #g#
##...###.#
##.....##..
#.......###
#.......#
#.......#
##.....##
##...##


You could see Ijyb.

Vanquished Creatures
  3 adders
  A worm (D:2)
  2 dart slugs (D:1)
  5 ball pythons
  2 bats
  3 endoplasms
  3 goblins
  4 hobgoblins
  4 kobolds
  A quokka (D:1)
  6 frilled lizards
  3 rats
37 creatures vanquished.

Notes
Turn   | Place    | Note
-------+----------+-------------------------------------------
     0 | D:1      | qw the Ghoul Fire Elementalist began the quest for the Orb.
     0 | D:1      | Reached XP level 1. HP: 14/14 MP: 2/2
     0 | D:1      | 0 ||| qw: Version: 0.1-a-90-g952f4b7
     0 | D:1      | 0 ||| qw: Game counter: 3661
     0 | D:1      | 0 ||| qw: Always use a shield: true
     0 | D:1      | 0 ||| qw: God list: Okawaru
     0 | D:1      | 0 ||| qw: Allow faded altars: false
     0 | D:1      | 0 ||| qw: Do Orc after D:15 true
     0 | D:1      | 0 ||| qw: Do second Lair branch before Depths: true
     0 | D:1      | 0 ||| qw: Lair rune preference: random
     0 | D:1      | 0 ||| qw: Plans: Normal
     0 | D:1      | 0 ||| PLANNING D:1-11
   278 | D:1      | Reached skill level 1 in Unarmed Combat
   298 | D:1      | 298 ||| Stepping ~*~*~tactically~*~*~ (hiding).
   400 | D:1      | 400 ||| Stepping ~*~*~tactically~*~*~ (hiding).
   502 | D:1      | 502 ||| Stepping ~*~*~tactically~*~*~ (hiding).
   604 | D:1      | 604 ||| Stepping ~*~*~tactically~*~*~ (hiding).
   706 | D:1      | 706 ||| Stepping ~*~*~tactically~*~*~ (hiding).
   808 | D:1      | 808 ||| Stepping ~*~*~tactically~*~*~ (hiding).
   910 | D:1      | 910 ||| Stepping ~*~*~tactically~*~*~ (hiding).
  1012 | D:1      | 1012 ||| Stepping ~*~*~tactically~*~*~ (hiding).
  1114 | D:1      | 1114 ||| Stepping ~*~*~tactically~*~*~ (hiding).
  1216 | D:1      | 1216 ||| Stepping ~*~*~tactically~*~*~ (hiding).
  1318 | D:1      | 1318 ||| Stepping ~*~*~tactically~*~*~ (hiding).
  1329 | D:1      | Reached XP level 2. HP: 11/22 MP: 3/3
  1487 | D:1      | Reached skill level 1 in Fighting
  1841 | D:1      | Reached skill level 2 in Unarmed Combat
  1955 | D:1      | Found a faded altar of an unknown god.
  1986 | D:1      | 1986 ||| Stepping ~*~*~tactically~*~*~ (stealth).
  2266 | D:1      | 2266 ||| UPGRADING to +0 pair of gloves.
  2271 | D:1      | 2271 ||| UPGRADING to +0 scale mail.
  2281 | D:1      | 2281 ||| DROPPING +0 robe.
  2282 | D:1      | 2282 ||| READING scroll labelled DITHRE BALUDIK.
  2283 | D:1      | 2283 ||| DROPPING potion of magic.
  2324 | D:2      | Reached XP level 3. HP: 28/28 MP: 4/4
  2331 | D:2      | Found Akiusi's Book Boutique.
  2620 | D:2      | Reached skill level 3 in Unarmed Combat
  2898 | D:2      | 2898 ||| Stepping ~*~*~tactically~*~*~ (stealth).
  2918 | D:2      | Reached XP level 4. HP: 26/35 MP: 5/5
  3280 | D:2      | 3280 ||| UPGRADING to amulet of reflection.
  3285 | D:2      | 3285 ||| DROPPING amulet of the acrobat.
  3286 | D:2      | 3286 ||| DROPPING +6 ring of intelligence.
  3287 | D:2      | 3287 ||| UPGRADING to ring of willpower.
  3288 | D:2      | 3288 ||| READING scroll labelled ZASUSOTSADGH.
  3289 | D:2      | 3289 ||| READING scroll labelled XESMOS WENEEG.
  3290 | D:2      | 3290 ||| DRINKING 3 bubbling brown potions.
  3444 | D:3      | Noticed Ijyb
  3445 | D:3      | 3445 ||| DRINKING 3 potions of curing.
  3445 | D:3      | 3445 ||| (to cure confusion)
  3447 | D:3      | 3447 ||| DRINKING 2 potions of curing.
  3447 | D:3      | 3447 ||| (to cure confusion)
  3457 | D:3      | HP: 6/35 [Ijyb/+0 club (3)]
  3460 | D:3      | Killed from afar by Ijyb

Levels and vault maps discovered:
D:1:      kennysheep_arrival_forest, layout_loops_ring, basic_ecumenical_altar
D:2:      layout_basic, serial_shops, nicolae_shop_hallway_plus,
          kennysheep_generic_room_15
D:3:      layout_loops_cross, uniq_crazy_yiuf_cottage, uniq_ijyb, uniq_grinder

Skill      XL: |  1  2  3 |
---------------+----------+-----
Unarmed Combat | 1 2 3 |  3.8
Fighting       | 1 |  1.1
Dodging        | |  1.7
Stealth        | |  2.1
Spellcasting   | |  1.7
Conjurations   | |  0.7
Fire Magic     | |  2.4

Action                   |  1- 3 |  4- 6 || total
-------------------------+-------+-------++-------
Melee: Unarmed           |   121 |    30 ||   151
       Punch             |     2 |       ||     2
Throw: Boomerang         |    30 |     5 ||    35
  Use: Scroll            |     1 |     2 ||     3
       Potion            |       |     3 ||     3
Armor: Robe              |    10 |       ||    10
       Scale mail        |    18 |    12 ||    30
Dodge: Dodged            |    42 |     7 ||    49
Block: Other             |       |     2 ||     2

Table legend:
 A = Non-vault XP
 B = Vault XP
 C = Vault XP percentage of total XP
 D = Non-vault monster count
 E = Vault monster count
 F = Vault count percentage of total count
                 A         B        C        D         E       F
            +---------+---------+-------+---------+---------+-------
      Total |      96 |       5 |   5.0 |      36 |       1 |   2.7
            +---------+---------+-------+---------+---------+-------
        D:1 |      33 |       0 |   0.0 |      17 |       0 |   0.0
        D:2 |      46 |       5 |   9.8 |      16 |       1 |   5.9
        D:3 |      17 |       0 |   0.0 |       3 |       0 |   0.0
            +---------+---------+-------+---------+---------+-------
